 Seeded DCSS version 0.29.1-12-g30fa7ad0bf (webtiles) character file.

Game seed: 16245865983455551772 (custom seed)

89605 hikkokomori the Devastator (level 15, -1/107 HPs)
             Began as an Octopode Conjurer on Jan 16, 2023.
             Was an Initiate of Gozag.
             Shot with a bolt by a yaktaur captain (33 damage)
             ... on level 13 of the Dungeon on Jan 17, 2023.
             The game lasted 01:26:09 (24199 turns).

hikkokomori the Devastator (Octopode Conjurer)     Turns: 24199, Time: 01:26:10

Health: -1/107     AC:  6    Str: 10    XL:     15   Next: 97%
Magic:  35/39      EV: 21    Int: 51    God:    Gozag
Gold:   2140       SH:  6    Dex: 19    Spells: 4/36 levels left

rFire   + . .      SeeInvis +   i - +0 staff of Battle
rCold   . . .      Faith    .   C - +0 buckler
rNeg    + . .      Spirit   .   h - +5 hat of the Skies Above {rN+}
rPois   +          Reflect  .   M - amulet of magic regeneration
rElec   +          Harm     .   f - +6 ring of intelligence
rCorr   .          Rampage  .   g - +6 ring of intelligence
Will    +++++                   u - +4 ring of evasion
Stlth   ++++++....              F - ring of Obsession {Will+++ MP+9 Str-5 Int+6 SInv}
HPRegen 0.27/turn               K - ring of Lazerr {Fire rPois Str+2}
MPRegen 0.66/turn               V - ring of Hedonism {Ice *Corrode rPois Dex+4 Slay+4}
                                D - +6 ring of intelligence
                                J - ring "Vokug" {rElec rF+ Will+ Str+6 Dex+4}

@: gold aura
A: almost no armour, amphibious, 8 rings, camouflage 1, gelatinous body 1,
(nimble swimmer 1), tentacles
a: Renounce Religion, Potion Petition, Call Merchant, Bribe Branch


You were on level 13 of the Dungeon.
You worshipped Gozag.
Gozag was most pleased with you.
You visited 6 branches of the dungeon, and saw 23 of its levels.
You also visited: Ice Cave.

You collected 9959 gold pieces.
You spent 5563 gold pieces at shops.
You paid 2256 gold pieces to Gozag.

Inventory:

Hand Weapons
 i - the +0 staff of Battle (weapon)
   (You acquired it on level 1 of the Dungeon)

   It enhances your conjuration magic.
   It summons a battlesphere in combat, with strength depending on Conjurations
   skill.
   Its strikes trigger the battlesphere's blasts.
Armour
 c - a +0 kite shield of reflection
 h - the +5 hat of the Skies Above (worn) {rN+}
   (You acquired it on level 1 of the Dungeon)

   rN:        It protects you from negative energy.
 C - a +0 buckler (worn)
Magical Staves
 I - a staff of cold
Jewellery
 f - a +6 ring of intelligence (left tentacle)
 g - a +6 ring of intelligence (right tentacle)
 o - an amulet of regeneration
 u - a +4 ring of evasion (on tentacle)
 x - a ring of fire
 D - a +6 ring of intelligence (on tentacle)
 F - the ring of Obsession (on tentacle) {Will+++ MP+9 Str-5 Int+6 SInv}
   (You bought it in a shop on level 7 of the Dungeon)

   [ring of intelligence]

   Str:       It affects your strength (-5).
   Int:       It affects your intelligence (+6).
   MP:        It affects your magic capacity (+9).
   SInv:      It lets you see invisible.
   Will:      It greatly increases your willpower.
 J - the ring "Vokug" (on tentacle) {rElec rF+ Will+ Str+6 Dex+4}
   (You bought it in a shop on level 7 of the Dungeon)

   [ring of strength]

   Str:       It affects your strength (+6).
   Dex:       It affects your dexterity (+4).
   rF:        It protects you from fire.
   rElec:     It insulates you from electricity.
   Will:      It increases your willpower.
 K - the ring of Lazerr (on tentacle) {Fire rPois Str+2}
   (You bought it in a shop on level 7 of the Dungeon)

   [ring of fire]

   It enhances your fire magic.
   Str:       It affects your strength (+2).
   rF:        It protects you from fire.
   rC:        It makes you vulnerable to cold.
   rPois:     It protects you from poison.
 L - a ring of protection from cold
 M - an amulet of magic regeneration (around mantle)
 V - the ring of Hedonism (on tentacle) {Ice *Corrode rPois Dex+4 Slay+4}
   (You bought it in a shop on level 2 of the Orcish Mines)

   [ring of ice]

   It enhances your ice magic.
   Dex:       It affects your dexterity (+4).
   Slay:      It affects your accuracy & damage with ranged weapons and melee
   (+4).
   rF:        It makes you vulnerable to fire.
   rC:        It protects you from cold.
   rPois:     It protects you from poison.
   *Corrode:  It may corrode you when you take damage.
Wands
 m - a wand of roots (45)
 w - a wand of flame (119)
 B - a wand of charming (27)
 P - a wand of mindburst (11)
 R - a wand of digging (6)
Scrolls
 e - 13 scrolls of teleportation
 k - a scroll of enchant weapon
 l - a scroll of summoning
 n - 3 scrolls of enchant armour
 p - 3 scrolls of immolation
 s - a scroll of silence
 t - a scroll of torment
 y - 8 scrolls of amnesia
 A - 2 scrolls of poison
 G - 2 scrolls of magic mapping
 S - a scroll of blinking
Potions
 a - 4 potions of magic
 b - 6 potions of lignification
 d - a potion of might
 j - 7 potions of brilliance
 q - 4 potions of berserk rage
 r - 5 potions of heal wounds
 v - 8 potions of curing
 z - 8 potions of attraction
 E - 5 potions of degeneration
 H - 2 potions of cancellation
 O - 2 potions of mutation
 Q - a potion of flight
 T - a potion of haste
Miscellaneous
 N - a lightning rod (4/4)


   Skills:
 - Level 11.3 Fighting
 - Level 6.2 Staves
 - Level 7.2 Dodging
 - Level 9.6 Stealth
 - Level 7.1 Shields
 + Level 11.1 Spellcasting
 + Level 15.2 Conjurations
 - Level 4.1 Hexes
 - Level 3.0 Translocations
 - Level 4.3 Transmutations
 + Level 6.2 Fire Magic
 - Level 6.2 Air Magic
 - Level 4.6 Evocations


You had 4 spell levels left.
You knew the following spells:

 Your Spells              Type           Power      Damage    Failure   Level
a - Magic Dart            Conj           100%       1d8       0%          1
b - Searing Ray           Conj           100%       2d8       0%          2
c - Fulminant Prism       Conj/Hex       56%        3d25      1%          4
d - Swiftness             Air            75%        N/A       1%          3
e - Yara's Violent Unrav  Hex/Tmut       32%        3d13      4%          5
f - Fireball              Conj/Fire      71%        3d27      1%          5
g - Conjure Ball Lightni  Conj/Air       59%        3x3d21    1%          6
h - Passage of Golubria   Tloc           56%        N/A       2%          4
i - Blink                 Tloc           100%       N/A       1%          2

Your spell library contained the following spells:

 Spells                   Type           Power      Damage    Failure   Level
 Shock                    Conj/Air       100%       1d9       0%          1
 Sting                    Tmut/Pois      100%       1d8       1%          1
 Ensorcelled Hibernation  Hex/Ice        100%       N/A       1%          2
 Poisonous Vapours        Pois/Air       100%       N/A       1%          2
 Confusing Touch          Hex            63%        N/A       1%          3
 Dazzling Flash           Conj/Hex       100%       N/A       1%          3
 Lesser Beckoning         Tloc           56%        N/A       1%          3
 Portal Projectile        Hex/Tloc       100%       N/A       1%          3
 Spider Form              Tmut/Pois      50%        N/A       1%          3
 Tukima's Dance           Hex            63%        N/A       1%          3
 Airstrike                Air            37%        2d(6-22)  1%          4
 Iskenderun's Mystic Bla  Conj/Tloc      100%       2d19      1%          4
 Anguish                  Hex/Necr       24%        N/A       3%          4
 Olgreb's Toxic Radiance  Pois           28%        N/A       9%          4
 Iskenderun's Battlesphe  Conj           100%       2d15      1%          5
 Orb of Destruction       Conj           67%        9d16      1%          7
 Blade Hands              Tmut           32%        N/A       4%          5
 Manifold Assault         Tloc           56%        N/A       7%          5
 Summon Mana Viper        Hex/Summ       49%        N/A       11%         5
 Summon Forest            Summ/Tloc      22%        N/A       13%         5
 Summon Cactus Giant      Summ           14%        N/A       80%         6
 Enfeeble                 Hex            31%        N/A       82%         7
 Chain Lightning          Conj/Air       59%        3d78      100%        9
 Fire Storm               Conj/Fire      71%        8d18      100%        9
 Shatter                  Erth           14%        3d14*     100%        9


Dungeon Overview and Level Annotations

Branches:
Dungeon (13/15)            Temple (1/1) D:5            Lair (5/5) D:8
  Swamp (1/4) Lair:3        Snake (0/4) Lair:2        Slime (0/5) Lair:4
    Orc (2/2) D:12            Elf (1/3) Orc:2         IceCv (visited)
 Vaults: D:13-14

Altars:
Cheibriados
Dithmenos
Elyvilon
Fedhas
Gozag
Hepliaklqana
Kikubaaqudgha
Makhleb
Nemelex Xobeh
Qazlal
Ru
Sif Muna
Trog
Uskayaw
Vehumet
Wu Jian
Xom
Yredelemnul
Zin
The Shining One

Shops:
D:3 [   D:4 *:[   D:6 ?:   D:7 =   Orc:1 *   Orc:2 ([((=

Annotations:
Elf:1 6 runed translucent doors


Innate Abilities, Weirdness & Mutations

You cannot wear most types of armour.
You are amphibious.
You can wear up to eight rings at the same time.
Your skin changes colour to match your surroundings (Stealth+).
Your rubbery body absorbs attacks. (AC +1, EV +1)
((You are camouflaged when in or above water. (Stealth+)))
You have tentacles for arms and can constrict up to eight enemies at once.


Message History

Okay, then. [a] - 300 gold - heal wounds and berserk rage [b] - 240 gold - heal wounds and curing [c] - 312 gold - brilliance and magic Purchase which effect?
You feel much better.
You feel better.
The yaktaur captain shoots a bolt.
You block the bolt.
As you read the scroll of summoning, it crumbles to dust.
Wisps of shadow whirl around you...
The yaktaur shoots a bolt.
The bolt hits you.
Your wraith hits the yaktaur!
The yaktaur dies!
You swap places.
The yaktaur captain shoots a bolt.
The bolt hits your rime drake!! What are your orders? t - Shout!
Orders for allies: a - Attack new target. r - Retreat! s - Stop attacking. g - Guard the area. f - Follow me.
Anything else - Cancel.
Gang up on whom?
Press: ? - help, Dir - move target, f - yaktaur captain
Aim: a yaktaur captain, wielding a +0 arbalest (moderately wounded, ally target) Attack!
The yaktaur captain shoots a bolt.
The bolt hits you!
* * * LOW HITPOINT WARNING * * *
Your wraith barely misses the yaktaur captain.
Your wraith closely misses the yaktaur captain.
Your troll bites the yaktaur captain!
Your troll claws the yaktaur captain.
Your troll barely misses the yaktaur captain.
Casting: Fireball (mildly dangerous; 1% risk of failure)
Confirm with . or Enter, or press ? or * to list all spells.
Aiming: Fulminant Prism (safe; 1% risk of failure)
Press: ? - help, Dir - move target, p - yaktaur captain You feel a surge of power!
You conjure a prism of explosive energy!
A fulminant prism comes into view.
Your rime drake barely misses the yaktaur captain.
The yaktaur captain shoots a bolt.
The bolt completely misses your troll. The bolt hits you!!
You die...
Your body crumbles into a pile of gold.

.......#....
.........#...
............# ###
.......$..#.#
#.###
..........#.#
#...##
............#
#....###
.......*....#
#......##
.....l.$.@..##
#.......#
....Wk$...#..#
#........
....cT...##..#
##.......
........###..###
#.......
.....*### #....##
#....... ....##
#.....###.......
....
#..#.....##......
...
#..###.....#.....
.. ....#
###.........


You could see a yaktaur captain (ally target), a friendly komodo dragon
(summoned), a friendly troll (summoned), a friendly rime drake (summoned), a
friendly wraith (summoned), a friendly fulminant prism and a friendly
battlesphere.

Vanquished Creatures
  Donald (Orc:2)
  Kirke (Lair:4)
  2 orc warlords (Orc:2)
  A bunyip (Swamp:1)
  Fannar (D:10)
  2 ironbound frosthearts (IceCv)
  Erolcha (Orc:2)
  7 hydras
  2 two-headed ogres
  2 death yaks (IceCv)
  A tengu warrior (D:13)
  3 orc high priests (Orc:2)
  Urug (D:12)
  An alligator (Lair:3)
  Sonja (Lair:3)
  A hell knight (D:11)
  Amaemon (D:8)
  A goliath frog (Swamp:1)
  A deep troll (Orc:2)
  A lindwurm (Lair:5)
  5 orc knights
  2 deep elf pyromancers
  An ugly thing (IceCv)
  5 orc sorcerers (Orc:2)
  2 cyclopes
  18 elephants
  Maurice (D:8)
  Joseph (D:8)
  2 black mambas
  An ice statue (IceCv)
  An orange demon (D:8)
  7 cane toads
  Psyche (D:8)
  A kobold demonologist (D:11)
  7 komodo dragons
  A yaktaur (D:13)
  An unseen horror (D:11)
  5 rime drakes
  2 ice devils (Lair:1)
  2 bloated husks (Swamp:1)
  7 trolls
  2 tyrant leeches (Lair:3)
  14 polar bears
  A wind drake (shapeshifter) (D:13)
  A hornet (shapeshifter) (D:11)
  17 blink frogs
  6 hornets
  16 slime creatures
  13 dream sheep (Lair:3)
  15 spriggans (Lair:5)
  Sigmund (D:5)
  A wraith (D:12)
  3 shadows
  72 yaks
  A human (D:11)
  6 hogs
  4 basilisks
  7 wyverns
  A fire elemental (D:11)
  A steam dragon (D:7)
  8 vampire mosquitoes
  5 wargs
  3 nagas (Lair:2)
  18 water moccasins
  2 swamp drakes
  2 ice beasts
  38 orc warriors
  7 black bears
  3 ogres
  49 wolves
  4 boggarts (Lair:5)
  A phantom (D:6)
  4 centaurs
  5 kobold brigands
  9 bullfrogs
  2 necrophages
  2 gnoll sergeants
  6 scorpions
  8 wights
  5 killer bees
  4 howler monkeys
  A lava snake (D:11)
  22 orc priests
  4 hounds
  A gnoll bouda (D:7)
  An iron imp (D:4)
  Jessica (D:2)
  3 iguanas
  23 orc wizards
  Natasha (twice) (D:3)
  4 hell rats (Lair:4)
  A hound skeleton (D:4)
  14 gnolls
  5 adders
  A white imp (D:5)
  A dart slug (D:5)
  84 orcs
  6 ball pythons
  3 bats
  8 endoplasms
  A giant cockroach (D:4)
  5 goblins
  8 hobgoblins
  31 kobolds
  4 quokkas
  3 frilled lizards
  7 rats
  A bush (Lair:5)
  A fulminant prism (D:12)
718 creatures vanquished.

Vanquished Creatures (collateral kills)
  A yaktaur (D:13)
  A ball lightning (Orc:2)
2 creatures vanquished.

Vanquished Creatures (others)
  2 humans (Lair:4)
  52 ball lightnings
  104 fulminant prisms
  75 fungi
  62 plants
295 creatures vanquished.

Grand Total: 1015 creatures vanquished

Notes
Turn   | Place    | Note
-------+----------+-------------------------------------------
     0 | D:1      | hikkokomori the Octopode Conjurer began the quest for the
                  | Orb.
     0 | D:1      | Reached XP level 1. HP: 11/11 MP: 3/3
   441 | D:1      | Found a faded altar of an unknown god.
   464 | D:1      | Reached XP level 2. HP: 17/17 MP: 0/5
  1261 | D:1      | Reached XP level 3. HP: 21/21 MP: 2/6
  1309 | D:1      | Identified 3 scrolls of acquirement
  1309 | D:1      | Acquired the +5 hat of the Skies Above {rN+}
  1318 | D:1      | Acquired the +0 staff of Battle
  1318 | D:1      | Found the +0 staff of Battle
  1321 | D:1      | Acquired 734 gold pieces
  1326 | D:1      | Learned a level 2 spell: Searing Ray
  1720 | D:2      | Noticed Jessica
  1724 | D:2      | Killed Jessica
  1725 | D:2      | Reached XP level 4. HP: 27/27 MP: 5/8
  2433 | D:3      | Reached skill level 5 in Conjurations
  2632 | D:3      | Found Ymmy Ciutu's Antique Armour Shoppe.
  2645 | D:3      | Reached XP level 5. HP: 31/31 MP: 7/10
  2655 | D:3      | Learned a level 4 spell: Fulminant Prism
  2956 | D:3      | Noticed Natasha
  2959 | D:3      | Killed Natasha
  3028 | D:3      | Noticed Natasha
  3032 | D:3      | Killed Natasha
  3033 | D:3      | Reached skill level 1 in Hexes
  3033 | D:3      | Reached XP level 6. HP: 36/36 MP: 7/12
  3535 | D:4      | Found Koenoidu's Book Boutique.
  3617 | D:4      | Found a snail-covered altar of Cheibriados.
  3622 | D:4      | Reached skill level 6 in Conjurations
  3645 | D:4      | Found Tuuwolaw's General Store.
  3654 | D:4      | Bought a scroll of identify for 24 gold pieces
  3654 | D:4      | Bought a scroll of identify for 24 gold pieces
  3660 | D:4      | Found Gamycsypi's Antique Armour Boutique.
  3692 | D:4      | Found a burning altar of Makhleb.
  3698 | D:4      | Reached XP level 7. HP: 41/41 MP: 9/13
  3754 | D:4      | Found a shadowy altar of Dithmenos.
  4238 | D:5      | Entered Level 5 of the Dungeon
  4390 | D:5      | Found a staircase to the Ecumenical Temple.
  4406 | D:5      | Reached skill level 5 in Spellcasting
  4422 | Temple   | Entered the Ecumenical Temple
  4546 | Temple   | Became a worshipper of Gozag Ym Sagoz the Greedy
  4723 | D:5      | Found a glowing silver altar of Zin.
  4839 | D:5      | Noticed Sigmund
  4846 | D:5      | Killed Sigmund
  4847 | D:5      | Reached XP level 8. HP: 46/46 MP: 8/16
  4922 | D:5      | Reached skill level 7 in Conjurations
  5847 | D:6      | Reached skill level 1 in Fighting
  6137 | D:6      | Acquired 1294 gold pieces
  6144 | D:6      | Bought a scroll of enchant armour for 82 gold pieces
  6144 | D:6      | Bought a scroll of identify for 22 gold pieces
  6144 | D:6      | Bought a scroll of acquirement for 572 gold pieces
  6147 | D:6      | Acquired a +4 ring of evasion
  6647 | D:6      | Reached skill level 5 in Stealth
  7175 | D:7      | Found Dackej's Jewellery Shoppe.
  7202 | D:7      | Reached XP level 9. HP: 55/55 MP: 15/18
  7282 | D:7      | Found a hazy altar of Hepliaklqana.
  7400 | D:7      | Reached skill level 8 in Conjurations
  8142 | D:8      | Noticed Maurice
  8148 | D:8      | Killed Maurice
  8149 | D:8      | Reached skill level 1 in Shields
  8181 | D:8      | Noticed Joseph
  8182 | D:8      | Reached XP level 10. HP: 65/65 MP: 7/20
  8186 | D:8      | Killed Joseph
  8187 | D:8      | Reached skill level 5 in Fighting
  8223 | D:8      | Noticed Amaemon
  8236 | D:8      | Killed Amaemon
  8237 | D:8      | Reached skill level 9 in Conjurations
  8240 | D:8      | Noticed an orange demon
  8400 | D:8      | Killed an orange demon
  8865 | D:8      | Found a stormy altar of Qazlal.
  8944 | D:8      | Found a staircase to the Lair.
  9227 | D:8      | Noticed Psyche
  9241 | D:8      | Killed Psyche
  9325 | D:7      | Bought the ring of Obsession {Will+++ MP+9 Str-5 Int+6
                  | SInv} for 1086 gold pieces
  9435 | D:9      | Found a sacrificial altar of Ru.
  9617 | D:9      | Reached XP level 11. HP: 72/72 MP: 23/23
  9804 | D:9      | You fall into a shaft and drop 1 floor!
  9804 | D:10     | Entered Level 10 of the Dungeon
  9826 | D:10     | Noticed Fannar
  9830 | D:10     | Killed Fannar
  9831 | D:10     | Reached skill level 5 in Dodging
 10051 | D:10     | Reached skill level 5 in Shields
 10246 | D:10     | Reached skill level 10 in Conjurations
 10831 | Lair:1   | Entered Level 1 of the Lair of Beasts
 11013 | Lair:1   | Found a frozen archway.
 11066 | IceCv    | Entered an ice cave
 11274 | IceCv    | Reached XP level 12. HP: 82/82 MP: 23/24
 11540 | IceCv    | Reached skill level 11 in Conjurations
 11592 | IceCv    | Reached skill level 1 in Staves
 12217 | IceCv    | Noticed an ironbound frostheart
 12220 | IceCv    | Killed an ironbound frostheart
 12388 | IceCv    | Noticed a death yak
 12388 | IceCv    | Noticed an ironbound frostheart
 12388 | IceCv    | Noticed a death yak
 12466 | IceCv    | Killed a death yak
 12475 | IceCv    | Killed a death yak
 12574 | IceCv    | Killed an ironbound frostheart
 12879 | IceCv    | Learned a level 3 spell: Swiftness
 12937 | Lair:1   | Reached skill level 12 in Conjurations
 12949 | Lair:1   | Reached skill level 5 in Staves
 12958 | Lair:1   | Reached skill level 10 in Fighting
 12958 | Lair:1   | Reached XP level 13. HP: 34/92 MP: 12/25
 13056 | D:7      | Bought the ring "Vokug" {rElec rF+ Will+ Str+6 Dex+4} for
                  | 923 gold pieces
 13058 | D:7      | Bought the ring of Lazerr {Fire rPois Str+2} for 525 gold
                  | pieces
 13065 | D:7      | Learned a level 5 spell: Yara's Violent Unravelling
 13126 | Lair:2   | Found a staircase to the Snake Pit.
 13873 | Lair:2   | Learned a level 3 spell: Spider Form
 13921 | Lair:3   | Reached skill level 1 in Transmutations
 14106 | Lair:3   | Found a staircase to the Swamp.
 14221 | Lair:3   | Noticed Sonja
 14224 | Lair:3   | Killed Sonja
 15538 | D:11     | Reached skill level 13 in Conjurations
 16184 | D:12     | Reached XP level 14. HP: 83/101 MP: 2/26
 16187 | D:12     | Noticed Urug
 16509 | D:6      | Bought a book of the Spheres for 864 gold pieces
 16516 | D:6      | Learned a level 6 spell: Conjure Ball Lightning
 16806 | D:12     | Found a staircase to the Orcish Mines.
 16921 | D:12     | Reached skill level 1 in Air Magic
 17108 | D:4      | Bought Great Wizards, Vol. VII for 390 gold pieces
 17113 | D:4      | Learned a level 4 spell: Passage of Golubria
 17472 | D:12     | Killed Urug
 17473 | D:12     | Reached skill level 1 in Translocations
 17473 | D:12     | Reached skill level 1 in Evocations
 17785 | Orc:1    | Entered Level 1 of the Orcish Mines
 17827 | Orc:1    | Found Uwankog's General Store.
 18087 | Orc:2    | Entered Level 2 of the Orcish Mines
 18116 | Orc:2    | Found a staircase to the Elven Halls.
 18124 | Orc:2    | Noticed Donald
 18130 | Orc:2    | Killed Donald
 18154 | Elf:1    | Entered Level 1 of the Elven Halls
 18154 | Elf:1    | Noticed a deep elf sorcerer
 18154 | Elf:1    | Noticed a deep elf annihilator
 18154 | Elf:1    | Found a runed translucent gate.
 18154 | Elf:1    | Found a runed translucent gate.
 18154 | Elf:1    | Found a runed translucent gate.
 18154 | Elf:1    | Found a runed translucent gate.
 18154 | Elf:1    | Found a runed translucent gate.
 18154 | Elf:1    | Found a runed translucent gate.
 18634 | Orc:2    | Noticed an orc warlord
 18641 | Orc:2    | Killed an orc warlord
 18882 | Orc:2    | Noticed an orc warlord
 18887 | Orc:2    | Killed an orc warlord
 19114 | Orc:2    | Found Lueshr Buat's Antique Weapon Emporium.
 19590 | Orc:2    | Noticed Erolcha
 19594 | Orc:2    | Killed Erolcha
 19798 | Orc:2    | Found Bueli's Antique Weapon Shoppe.
 19804 | Orc:2    | Found Goaph's Antique Armour Emporium.
 19823 | Orc:2    | Bought a buzzing hat for 270 gold pieces
 19823 | Orc:2    | Identified the +1 hat "Ucuef" {Will+ Slay+3 Stlth+} (You
                  | bought it in a shop on level 2 of the Orcish Mines)
 19917 | Orc:2    | Found Zoahoj's Weapon Boutique.
 19943 | Orc:2    | Learned a level 5 spell: Fireball
 19944 | Orc:2    | Bought the ring of Hedonism {Ice *Corrode rPois Dex+4
                  | Slay+4} for 781 gold pieces
 20164 | Lair:3   | Reached skill level 14 in Conjurations
 20170 | Lair:3   | Reached skill level 1 in Fire Magic
 20705 | Lair:4   | Reached skill level 5 in Air Magic
 20705 | Lair:4   | Reached XP level 15. HP: 74/107 MP: 25/28
 20726 | Lair:4   | Found a staircase to the Slime Pits.
 20740 | Lair:4   | Noticed Kirke
 20748 | Lair:4   | Killed Kirke
 20749 | Lair:4   | Reached skill level 10 in Spellcasting
 21736 | Orc:1    | Found a shimmering altar of Xom.
 22084 | Swamp:1  | Entered Level 1 of the Swamp
 22290 | Lair:3   | Learned a level 2 spell: Blink
 22446 | Lair:5   | Entered Level 5 of the Lair of Beasts
 22790 | Lair:5   | Reached skill level 5 in Fire Magic
 23328 | Lair:5   | Reached skill level 15 in Conjurations
 24192 | D:13     | HP: 5/107 [yaktaur captain/bolt (33)]
 24199 | D:13     | Shot with a bolt by a yaktaur captain

Illustrated notes

Levels and vault maps discovered:
D:1:      minmay_arrival_hallway, layout_loops_corners, basic_ecumenical_altar,
          minmay_unequal
D:2:      layout_loops_ring, uniq_jessica
D:3:      layout_basic, serial_shops, nicolae_shop_advertising_works
          [nicolae_subvault_shop_adworks], minmay_shallow_snake_nest,
          uniq_natasha
D:4:      layout_rooms, grunt_dithmenos_smoke_and_mirrors,
          makhleb_blood_cavern_becter, slow_altar_1, serial_shops,
          nicolae_square_shop, nicolae_shop_temple_entry_statues_fountains,
          kennysheep_mini_moat, chequers_serial_rivers_large_a,
          minmay_fractal_squares_gapless_5
D:5:      layout_layer_cave, mainiacjoe_overflow_cross_hatched,
          lemuel_temple_firewalk_b, uniq_sigmund
D:6:      layout_basic
D:7:      layout_basic, nicolae_hepliaklqana_hazy_memory, serial_shops,
          nicolae_stop_n_shop_2
D:8:      layout_basic, nicolae_qazlal_style_of_elements,
          grunt_lair_entry_orc_guard_hut, uniq_amaemon, uniq_psyche,
          uniq_joseph, uniq_maurice
D:9:      layout_roguey, nicolae_overflow_crystal_walls,
          gammafunk_temple_overflow_claw
D:10:     layout_loops_ring, uniq_fannar
D:11:     layout_long_grid, grunt_livestock, kennysheep_island_fort
D:12:     layout_basic, orc_0_dummy, serial_glass, glass_columns_a,
          glass_columns_a, glass_columns_a, glass_columns_a, glass_columns_a,
          glass_columns_a, uniq_urug
D:13:     layout_cave_pods, david_vaults_2
Temple:   nicolae_temple_bog_church
Lair:1:   layout_loops_ring, portal_ice_cave_demonic_guard, grunt_megastairs_2
Lair:2:   layout_roguey, guppyfry_snake_entry_island
Lair:3:   layout_cave_shapes, minmay_swamp_entry_reptiles, uniq_sonja
Lair:4:   layout_roguey, slime_entry_1, grunt_megastairs_3, uniq_kirke
Lair:5:   minmay_lair_end_enchanted_forest, layout_long_grid,
          infiniplex_staircase_pool_2
Swamp:1:  layout_basic_swamp, infiniplex_staircase_pool
Orc:1:    layout_caves, basic_altar, serial_shops, nicolae_shop_waterfront
Orc:2:    grunt_orc_community_town_hall, layout_diamond_mine,
          grunt_orc_community_big_house_2, grunt_orc_community_big_house_2,
          grunt_orc_community_house_3, grunt_orc_community_house_1,
          grunt_orc_community_house_3, grunt_orc_community_house_1,
          guppyfry_orc_lava_fort, uniq_donald, uniq_erolcha
Elf:1:    nicolae_elf_arrival_dilemma, layout_geoelf_grid,
          kennysheep_underground_church, patterned_corridor, uniq_zenata,
          uniq_frances

Skill      XL: |  1  2  3  4  5  6  7  8  9 10 11 12 13 14 15 |
---------------+----------------------------------------------+-----
Spellcasting   | 3 4 5 6 7 8 9 11 | 11.1
Conjurations   | 5 6 7 8 9 10 12 13 14 15 | 15.2
Hexes          | 1 2 4 |  4.1
Stealth        | 5 7 9 |  9.6
Fighting       | 2 4 6 8 10 11 | 11.3
Shields        | 1 4 5 6 7 |  7.1
Dodging        | 4 6 7 |  7.2
Staves         | 5 6 |  6.2
Transmutations | 3 4 |  4.3
Air Magic      | 5 6 |  6.2
Translocations | 3 |  3.0
Evocations     | 4 |  4.6
Fire Magic     | 1 6 |  6.2

Action                   |  1- 3 |  4- 6 |  7- 9 | 10-12 | 13-15 || total
-------------------------+-------+-------+-------+-------+-------++-------
Melee: Unarmed           |     3 |       |       |       |       ||     3
       Tentacles         |     1 |     2 |     3 |     5 |    12 ||    23
       Constrict         |     1 |     1 |     4 |     6 |     9 ||    21
       Staff             |       |     7 |    10 |    23 |    37 ||    77
       Punch             |       |       |       |       |     1 ||     1
 Cast: Magic Dart        |    39 |    70 |   142 |   284 |   446 ||   981
       Fulminant Prism   |       |       |     1 |    31 |    75 ||   107
       Searing Ray       |       |       |       |    13 |     9 ||    22
       Swiftness         |       |       |       |       |     2 ||     2
       Conjure Ball Ligh |       |       |       |       |    21 ||    21
       Passage of Golubr |       |       |       |       |     3 ||     3
       Spider Form       |       |       |       |       |     2 ||     2
       Fireball          |       |       |       |       |    75 ||    75
       Blink             |       |       |       |       |     2 ||     2
Invok: Call Merchant     |       |       |     2 |       |     1 ||     3
       Potion Petition   |       |       |       |       |     1 ||     1
 Abil: End Transformatio |       |       |       |       |     2 ||     2
Evoke: Wand              |       |     1 |       |       |     2 ||     3
       Lightning rod     |       |       |       |       |     4 ||     4
  Use: Scroll            |     3 |     5 |     7 |     7 |    11 ||    33
       Potion            |       |     1 |       |     1 |     1 ||     3
Armor: Skin              |       |     3 |     6 |    14 |    10 ||    33
Dodge: Dodged            |     2 |     8 |    21 |    97 |   126 ||   254
Block: Buckler           |       |       |       |    17 |    43 ||    60
